 Dungeon Crawl Stone Soup version 0.22-a0-469-gf26638a (webtiles) character file.

561251 Gorice the Phalangite (level 25, -26/210 HPs)
             Began as a Demonspawn Wanderer on June 5, 2018.
             Was the Champion of Okawaru.
             Killed from afar by an ancient lich (36 damage)
             ... with a bolt of acid
             ... on level 5 of the Vaults on June 12, 2018.
             The game lasted 06:42:34 (77132 turns).

Gorice the Phalangite (Demonspawn Wanderer)        Turns: 77132, Time: 06:42:35

Health: -26/210    AC: 41    Str: 26    XL:     25   Next: 85%
Magic:  32/32      EV: 16    Int: 16    God:    Okawaru [******]
Gold:   3938       SH:  0    Dex: 23    Spells: 24/24 levels left

rFire    + . .     SeeInvis +   a - +2 bardiche (flame)
rCold    + . .     Gourm    .   (shield currently unavailable)
rNeg     . . .     Faith    .   O - +0 crystal plate armour
rPois    +         Spirit   .   (helmet unavailable)
rElec    .         Reflect  .   x - +1 cloak {rPois}
rCorr    .         Harm     .   I - +0 pair of gloves "Raifa" {rF+ Regen+ Str+2}
MR       ++...                  g - +2 pair of boots {run}
Stlth    ++........             k - amulet "Gueq" {Regen+ Str+2 Dex+4 SInv}
HPRegen  1.25/turn              P - +3 ring of protection
MPRegen  0.23/turn              m - ring of Puicohu {MR+ Slay+5}

@: heroism, very slightly contaminated, heavily drained, quick
A: horns 3, thin skeletal structure 3, cold resistance 1, foul stench 2,
nightstalker 3, rot immunity, freezing cloud immunity
}: 2/15 runes: barnacled, gossamer
a: Heroism, Finesse, Renounce Religion


You were on level 5 of the Vaults.
You worshipped Okawaru.
Okawaru was exalted by your worship.
You were not hungry.

You visited 10 branches of the dungeon, and saw 48 of its levels.
You visited 1 bazaar.
You also visited: Ossuary, Bailey, Ice Cave and Wizlab.

You collected 7162 gold pieces.
You spent 3224 gold pieces at shops.

Inventory:

Hand Weapons
 a - a +2 bardiche of flaming (weapon)
   (Okawaru gifted it to you on level 15 of the Dungeon)
 q - a +3 bardiche
 D - a +3 blowgun
Missiles
 b - 10 steel javelins (quivered)
 Z - 11 throwing nets
Armour
 g - a +2 pair of boots of running (worn)
   (Okawaru gifted it to you on level 2 of the Lair of Beasts)
 n - a scarf of spirit shield
   (Okawaru gifted it to you on level 4 of the Vaults)
 x - a +1 cloak of poison resistance (worn)
   (Okawaru gifted it to you on level 2 of the Depths)
 I - the +0 pair of gloves "Raifa" (worn) {rF+ Regen+ Str+2}
   (Okawaru gifted it to you on level 2 of the Orcish Mines)

   It affects your strength (+2).
   It protects you from fire.
   It increases your rate of regeneration.
 O - a +0 crystal plate armour (worn)
Jewellery
 e - the ring of the Final Wishes {rElec rN+}
   (You found it on level 3 of the Crypt)

   [ring of positive energy]

   It insulates you from electricity.
   It protects you from negative energy.
 f - an uncursed ring of protection from fire
 k - the amulet "Gueq" (around neck) {Regen+ Str+2 Dex+4 SInv}
   (You found it on level 3 of the Crypt)

   [amulet of regeneration]

   It affects your strength (+2).
   It affects your dexterity (+4).
   It lets you see invisible.
   It increases your rate of regeneration.
 m - the ring of Puicohu (right hand) {MR+ Slay+5}
   (You took it off a deep elf archer on level 1 of the Elven Halls)

   [ring of slaying]

   It affects your accuracy and damage with ranged weapons and melee attacks
   (+5).
   It affects your resistance to hostile enchantments.
 C - an uncursed ring of resist corrosion
 F - the ring of Erhus {Ice +Fly Str+3}
   (You found it in an ice cave)

   [ring of ice]

   It enhances your ice magic.
   It affects your strength (+3).
   It makes you vulnerable to fire.
   It protects you from cold.
   It lets you fly.
 P - a +3 ring of protection (left hand)
Wands
 c - a wand of clouds (18)
 w - a wand of digging (23)
 z - a wand of iceblast (59)
 K - a wand of acid (19)
 Q - a wand of scattershot (10)
 U - a wand of enslavement (71)
Scrolls
 h - 2 scrolls of summoning {!r}
 l - 9 scrolls of identify
 r - 4 scrolls of blinking
 E - 7 scrolls of fog
 J - 5 scrolls of magic mapping {!r}
 N - 26 scrolls of teleportation {!r}
 V - 28 scrolls of remove curse
 W - 3 scrolls of fear {!r}
Potions
 d - 3 potions of might {!q}
 j - 6 potions of agility {!q}
 o - 20 potions of curing
 p - 5 potions of berserk rage
 t - 6 potions of cancellation {!q}
 A - 2 potions of invisibility {!q}
 G - 5 potions of magic {!q}
 L - 6 potions of heal wounds {!q}
 T - 9 potions of haste {!q}
 X - 2 potions of resistance {!q}
Miscellaneous
 Y - 4 boxes of beasts
Comestibles
 i - 19 chunks of flesh
 v - 76 rations


   Skills:
 - Level 20.0(23.0) Fighting
 + Level 25.7(25.0) Polearms
 - Level 10.0(13.4) Throwing
 + Level 21.6(24.6) Armour
 - Level 10.0(13.4) Dodging
 - Level 3.6(7.2) Stealth
 - Level 8.1(6.7) Invocations
 - Level 12.0(10.5) Evocations


You had 24 spell levels left.
You didn't know any spells.
Your spell library contained the following spells:

 Spells                   Type           Power        Failure   Level  Hunger
 Cause Fear               Hex            #.........   100%        4    #####..
 Magic Dart               Conj           #...         91%         1    ##.....
 Fireball                 Conj/Fire      #.........   100%        5    ######.
 Apportation              Tloc           #.....       91%         1    ##.....
 Conjure Flame            Conj/Fire      #.......     99%         3    ####...
 Bolt of Cold             Conj/Ice       #.........   100%        6    #######
 Bolt of Magma            Conj/Fire/Erth #.........   100%        5    ######.
 Slow                     Hex            #.......     97%         2    ###....
 Confuse                  Hex            #.......     99%         3    ####...
 Throw Flame              Conj/Fire      #.....       97%         2    ###....
 Throw Frost              Conj/Ice       #.....       97%         2    ###....
 Controlled Blink         Tloc           N/A          100%        8    #######
 Mephitic Cloud           Conj/Pois/Air  #.......     99%         3    ####...
 Venom Bolt               Conj/Pois      #.........   100%        5    ######.
 Olgreb's Toxic Radiance  Pois           #.......     100%        4    #####..
 Summon Small Mammal      Summ           #...         91%         1    ##.....
 Blink                    Tloc           N/A          97%         2    ###....
 Iskenderun's Mystic Bla  Conj           #.......     100%        4    #####..
 Summon Horrible Things   Summ           #.........   100%        8    #######
 Animate Dead             Necr           N/A          100%        4    #####..
 Pain                     Necr           #...         91%         1    ##.....
 Animate Skeleton         Necr           N/A          91%         1    ##.....
 Vampiric Draining        Necr           #.........   99%         3    ####...
 Freeze                   Ice            #...         91%         1    ##.....
 Sticky Flame             Conj/Fire      #.......     100%        4    #####..
 Summon Ice Beast         Ice/Summ       #.......     100%        4    #####..
 Ozocubu's Armour         Chrm/Ice       #.......     99%         3    ####...
 Call Imp                 Summ           #.......     97%         2    ###....
 Regeneration             Chrm/Necr      #.........   99%         3    ####...
 Sting                    Conj/Pois      #...         91%         1    ##.....
 Sublimation of Blood     Necr           #.........   97%         2    ###....
 Tukima's Dance           Hex            #.......     99%         3    ####...
 Summon Demon             Summ           #.........   100%        5    ######.
 Summon Greater Demon     Summ           #.........   100%        7    #######
 Iron Shot                Conj/Erth      #.........   100%        6    #######
 Stone Arrow              Conj/Erth      #.....       99%         3    ####...
 Shock                    Conj/Air       #...         91%         1    ##.....
 Swiftness                Chrm/Air       #.......     97%         2    ###....
 Recall                   Summ/Tloc      N/A          99%         3    ####...
 Spider Form              Tmut/Pois      #.........   99%         3    ####...
 Statue Form              Tmut/Erth      #........    100%        6    #######
 Ice Form                 Ice/Tmut       #.......     100%        4    #####..
 Dragon Form              Tmut           #.........   100%        7    #######
 Death Channel            Necr           #.........   100%        6    #######
 Deflect Missiles         Chrm/Air       #.........   100%        6    #######
 Throw Icicle             Conj/Ice       #.......     100%        4    #####..
 Shadow Creatures         Summ           N/A          100%        6    #######
 Confusing Touch          Hex            #.....       91%         1    ##.....
 Flame Tongue             Conj/Fire      #....        91%         1    ##.....
 Passwall                 Tmut/Erth      #.......     97%         2    ###....
 Ignite Poison            Fire/Tmut/Pois #.......     99%         3    ####...
 Ensorcelled Hibernation  Hex/Ice        #.....       97%         2    ###....
 Metabolic Englaciation   Hex/Ice        #.........   100%        5    ######.
 Silence                  Hex/Air        #.........   100%        5    ######.
 Dispersal                Tloc           #.........   100%        6    #######
 Static Discharge         Conj/Air       #.......     99%         3    ####...
 Corona                   Hex            #......      91%         1    ##.....
 Alistair's Intoxication  Tmut/Pois      #.......     100%        5    ######.
 Lee's Rapid Deconstruct  Erth           #.........   100%        5    ######.
 Sandblast                Erth           #.....       91%         1    ##.....
 Simulacrum               Ice/Necr       #.........   100%        6    #######
 Conjure Ball Lightning   Conj/Air       #.........   100%        6    #######
 Portal Projectile        Hex/Tloc       #.....       99%         3    ####...
 Monstrous Menagerie      Summ           #.........   100%        7    #######
 Petrify                  Tmut/Erth      #.......     100%        4    #####..
 Orb of Destruction       Conj           #.........   100%        7    #######
 Malign Gateway           Summ/Tloc      #.........   100%        7    #######
 Tornado                  Air            #.........   100%        9    #######
 Leda's Liquefaction      Hex/Erth       #.........   100%        4    #####..
 Darkness                 Hex            #.........   100%        6    #######
 Shroud of Golubria       Chrm/Tloc      #.........   97%         2    ###....
 Inner Flame              Hex/Fire       #.......     99%         3    ####...
 Aura of Abjuration       Summ           #.........   100%        5    ######.
 Disjunction              Tloc           #.........   100%        8    #######
 Iskenderun's Battlesphe  Conj/Chrm      #.......     100%        5    ######.
 Fulminant Prism          Conj/Hex       #.........   100%        4    #####..
 Dazzling Spray           Conj/Hex       #.....       99%         3    ####...
 Force Lance              Conj/Tloc      #.......     100%        4    #####..
 Infusion                 Chrm           #...         91%         1    ##.....
 Song of Slaying          Chrm           #.......     97%         2    ###....
 Spectral Weapon          Hex/Chrm       #.......     99%         3    ####...
 Searing Ray              Conj           #.....       97%         2    ###....
 Summon Forest            Summ/Tloc      #.........   100%        5    ######.
 Summon Lightning Spire   Summ/Air       #.......     100%        4    #####..
 Spellforged Servitor     Conj/Summ      #.........   100%        7    #######
 Summon Mana Viper        Hex/Summ       #.......     100%        5    ######.
 Hydra Form               Tmut           #.........   100%        6    #######
 Irradiate                Conj/Tmut      #.........   100%        5    ######.
 Gell's Gravitas          Tloc           #.........   99%         3    ####...
 Yara's Violent Unravell  Hex/Tmut       #.........   100%        5    ######.
 Poisonous Vapours        Pois/Air       #.....       97%         2    ###....
 Borgnjor's Vile Clutch   Necr/Erth      #.........   100%        5    ######.


Dungeon Overview and Level Annotations

Branches:
Dungeon (15/15)            Temple (1/1) D:4            Lair (6/6) D:10
 Shoals (4/4) Lair:2       Spider (4/4) Lair:2        Slime (0/5) Lair:6
    Orc (2/2) D:10            Elf (3/3) Orc:2        Vaults (5/5) D:14
  Crypt (3/3) Vaults:2       Tomb (0/3) Crypt:3      Depths (5/5) D:15
    Zot (0/5) Depths:5

Altars:
Ashenzari
Cheibriados
Dithmenos
Elyvilon
Fedhas
Gozag
Hepliaklqana
Kikubaaqudgha
Makhleb
Nemelex Xobeh
Okawaru
Qazlal
Ru
Sif Muna
Trog
Uskayaw
Vehumet
Wu Jian
Xom
Yredelemnul
Zin
The Shining One

Shops:
D:10 *   Orc:2 =[=(   Elf:1 [   Elf:3 *   Vaults:3 *   Depths:3 =%**
Depths:4 !*

Portals:
Hell: Depths:1 Depths:2 Depths:3 Depths:4 Depths:5
Abyss: Depths:2 Depths:3 Depths:4 Depths:5
Pandemonium: Depths:3
Ziggurat: Depths:1

Annotations:
D:8 vpUX: zin altar with loot b/h grille
Lair:6 vpUX: many oklobs guarding $, exclusion: 4 oklob plants
Vaults:2 Mennas


Innate Abilities, Weirdness & Mutations

You have a pair of large horns on your head.
You have an unnaturally thin skeletal structure. (Dex +6, Stealth++)
Your flesh is cold resistant. (rC+)
You frequently emit foul miasma when damaged in melee.
You are completely attuned to the shadows.
You are immune to rotting.
You are immune to freezing clouds.


Message History

You have turned to stone.
The ancient lich gestures at you while chanting.
The bolt of acid hits you!
You are splashed with acid!
The acid burns!
* * * LOW HITPOINT WARNING * * *
The ancient lich casts a spell at you.
Helpless, you fail to dodge the bolt of acid.
* * * LOW HITPOINT WARNING * * *
You are splashed with acid!
The acid burns!
* * * LOW HITPOINT WARNING * * *
The ancient lich touches you but does no damage.
The ancient lich casts a spell at you. You resist with some effort.
The ancient lich points at you and mumbles some strange words.
The ancient lich casts a spell at you.
Helpless, you fail to dodge the crystal spear.
* * * LOW HITPOINT WARNING * * *
The ancient lich touches you.
* * * LOW HITPOINT WARNING * * *
The ancient lich touches you but does no damage.
The runic seals fade away.
The ancient lich casts a spell at you. The bolt of acid hits you!
* * * LOW HITPOINT WARNING * * *
You are splashed with acid!
The acid burns!
* * * LOW HITPOINT WARNING * * *
The ancient lich touches you but does no damage.
The ancient lich touches you!
* * * LOW HITPOINT WARNING * * *
You are no longer corroded.
The ancient lich touches you but does no damage.
The ancient lich touches you but does no damage.
The ancient lich touches you.
* * * LOW HITPOINT WARNING * * *
The ancient lich points at you and mumbles some strange words.
You turn to flesh and can move again.
Damage: 142 (max 142) Unknown command.
Unknown command.
Unknown command.
Unknown command.
Unknown command.
Unknown command.
Unknown command.
Blink to where?
Press: ? - help, Dir - move target cursor, p - ancient lich You are very lightly contaminated with residual magic.
As you read the scroll of blinking, it crumbles to dust.
The ancient lich points at you and mumbles some strange words.
The bolt of acid hits you!
You die...

,,,,***,* **,*,,,,*,,,,,*,,,,*,,
,,,,,,,,*****,*,,,,*,,,,,**,,,*,,
,,,,,,,,,,**,,,,,,,*,,,,,,*,,,*,,
,,,,,,,,,,,,,,,,,,,,,,,,,,,,,,*,,
************.........************
,,,,,,,,,,...........,,,,,,,,,,,,
,,,,,,,,,,......<<...,,,,,,,,,,,,
,,,,,,,,,,.....<..<..,,,,,,,,,,,,
,,,,,,,,,,......@<....,,,,,,,,,,,
*********###.........#***********
*,,*,,,,,............,*,*,*,*,*,*
*,,*******###.ยง....#.*,*,*,*,*,*,
*,,+,,,,,,,,#L#....#*,*,*,*,*,*,*
*,,*,,,,,,,,#p#....#,*,*********,
*,,*,,,,,,,,#D#....#*,** *,*
*,,*,,,,,,,,#(#....#,*,* ***,,
*,,*,,,,,,,,#.#....#*,** **,,,,


You could see an ancient lich.

Vanquished Creatures
  Sojobo (Depths:2)
  3 juggernauts
  Frederick (Crypt:3)
  4 caustic shrikes
  Jory (Depths:3)
  4 golden dragons
  2 bone dragons (Depths:5)
  A shard shrike zombie (Crypt:1)
  2 tentacled monstrosities
  4 liches
  Jorgrun (Crypt:3)
  3 deep elf blademasters
  2 deep elf master archers (Elf:3)
  A quicksilver dragon (Depths:4)
  2 titans
  2 ancient champions
  6 sphinxes
  2 krakens (Shoals:4)
  5 tengu reavers
  Gastronok (Lair:2)
  Agnes (D:15)
  Ilsuiw (Shoals:3)
  4 nagarajas (Depths:3)
  6 storm dragons
  2 draconian scorchers (Depths:5)
  A shadow dragon (Depths:2)
  8 fire giants
  6 deep elf sorcerers
  A ghost moth (shapeshifter) (Depths:2)
  4 revenants
  8 iron dragons
  12 frost giants
  5 ghost moths
  An orc warlord (Vaults:4)
  3 curse skulls
  5 emperor scorpions
  6 vault wardens
  A deep elf elementalist (Elf:3)
  7 ghouls
  A draconian shifter (Depths:5)
  12 ironheart preservers
  7 spriggan defenders
  20 stone giants
  8 vampire knights
  2 reapers (Crypt:2)
  5 entropy weavers
  7 very ugly things
  Azrael (D:15)
  3 black draconians (Depths:5)
  6 deep elf demonologists (Elf:3)
  2 white draconians (Depths:5)
  3 green draconians (Depths:5)
  8 spark wasps
  5 deep elf annihilators
  10 purple draconians
  2 yellow draconians (Depths:5)
  4 red draconians (Depths:5)
  6 merfolk javelineers
  6 eidola
  11 deep elf death magi
  13 fire dragons
  9 statues (WizLab)
  10 ettins
  Fannar (Orc:1)
  6 great orbs of eyes
  11 jiangshi
  A mummy priest (Crypt:3)
  7 merfolk impalers
  17 ogre magi
  5 deep elf high priests
  26 vault guards
  13 yaktaur captains
  10 rakshasas
  14 ice dragons
  A naga warrior (Depths:3)
  6 merfolk avatars
  Erolcha (D:13)
  3 spriggan air magi
  7 hydras
  A spectral shadow dragon (Crypt:3)
  2 catoblepae
  3 centaur warriors
  A spectral stone giant (Crypt:3)
  An anaconda (Depths:3)
  4 death knights
  34 dancing weapons
  An alligator snapping turtle (Shoals:4)
  59 two-headed ogres
  2 satyrs
  9 deep troll shamans
  7 merfolk aquamancers
  5 spriggan berserkers
  7 death yaks
  7 vampire magi
  An alligator (shapeshifter) (Elf:2)
  2 tengu warriors
  9 deep troll earth magi
  Sonja (D:15)
  7 hell knights
  2 orc high priests (Elf:3)
  Nergalle (Lair:1)
  2 iron trolls
  24 deep elf knights
  2 soul eaters (Crypt:2)
  2 spectral storm dragons (Crypt:3)
  2 salamander mystics (Depths:4)
  16 shadow wraiths
  A fire crab (shapeshifter) (Elf:2)
  A storm dragon skeleton (Crypt:2)
  20 skeletal warriors
  A spark wasp zombie (Depths:1)
  The ghost of opiumtea the Covert, a novice SpEn of Wu Jian (Lair:1)
  4 unseen horrors
  12 sea snakes
  A spectral iron dragon (Crypt:3)
  A spriggan druid (Elf:3)
  An unseen horror (shapeshifter) (D:15)
  27 deep elf archers
  11 ironbrand convokers
  A lindwurm (shapeshifter) (D:15)
  3 glowing orange brains
  19 phantasmal warriors
  A swamp dragon (Lair:6)
  4 flayed ghosts
  7 wizards
  29 deep trolls
  The ghost of KristoblXynda the Covert, a novice OpCj of Cheibriados (D:8)
  6 necromancers
  A mana viper (shapeshifter) (Vaults:2)
  2 fire giant zombies
  33 wolf spiders
  8 oklob plants
  18 harpies
  15 orb spiders
  2 orb spiders (shapeshifter)
  4 cyclopes
  3 lindwurms
  12 orc knights
  6 salamanders (Depths:4)
  5 fauns
  98 deep elf magi
  4 orc sorcerers
  14 manticores
  32 ugly things
  A tengu skeleton (Depths:1)
  6 merfolk sirens
  A fire giant skeleton (Depths:1)
  A moth of wrath (shapeshifter) (Depths:2)
  7 black mambas
  A frost giant skeleton (Depths:1)
  10 elephants
  A water nymph (shapeshifter) (D:15)
  A dire elephant zombie (Crypt:3)
  Maurice (D:10)
  7 torpor snails
  9 water nymphs
  A black mamba (shapeshifter) (Depths:2)
  5 guardian serpents (Depths:3)
  9 vault sentinels
  An ice statue (IceCv)
  A spiny frog (shapeshifter) (Depths:1)
  Joseph (Lair:1)
  2 gargoyles (D:14)
  2 kobold demonologists
  An efreet (D:13)
  A hellion (Depths:4)
  A komodo dragon (shapeshifter) (Depths:4)
  A purple draconian zombie (Crypt:1)
  11 komodo dragons
  16 spiny frogs
  40 yaktaurs
  14 demonic crawlers
  A rime drake (shapeshifter) (Vaults:1)
  13 freezing wraiths
  3 ice devils
  4 rime drakes
  8 guardian mummies (Crypt:3)
  A spectral harpy (Crypt:3)
  2 tengu conjurers
  26 jumping spiders
  A jumping spider (shapeshifter) (Vaults:4)
  7 trolls
  18 hornets
  31 merfolk
  A hornet (shapeshifter) (Elf:1)
  A tengu simulacrum (Vaults:3)
  2 polar bears (shapeshifter)
  A harpy skeleton (Crypt:2)
  3 tyrant leeches (Lair:6)
  3 wind drakes
  4 blink frogs
  15 polar bears
  2 bog bodies (Crypt:3)
  8 hippogriffs
  8 snapping turtles
  35 slime creatures
  Prince Ribbit (Lair:3)
  A jumping spider zombie (Crypt:2)
  2 dream sheep (Shoals:4)
  A hippogriff (shapeshifter) (Vaults:4)
  An ettin skeleton (Vaults:1)
  9 flying skulls (Crypt:3)
  An alligator zombie (Crypt:2)
  A centaur simulacrum (D:15)
  2 spriggans (shapeshifter)
  9 spriggans
  5 air elementals
  33 tarantellas
  A frost giant simulacrum (Vaults:1)
  A tarantella (shapeshifter) (Vaults:2)
  A wyvern (Lair:6)
  24 water elementals
  53 redbacks
  A yak (shapeshifter) (Vaults:1)
  17 wraiths
  3 shadows
  60 yaks
  A basilisk (Lair:1)
  13 fire elementals
  6 vampire mosquitoes (D:14)
  A steam dragon (Lair:6)
  8 hungry ghosts
  Menkaure (D:7)
  7 wargs
  15 nagas (Depths:3)
  A spectral snapping turtle (Crypt:3)
  2 floating eyes (Depths:4)
  A soldier ant (D:12)
  3 acid dragons
  4 hell hounds
  A torturous demonspawn skeleton (Crypt:2)
  6 water moccasins
  11 porcupines
  2 gelid demonspawn skeletons (Crypt:3)
  6 black bears
  3 swamp drakes (Lair:6)
  6 sky beasts
  2 elephant zombies (Lair:3)
  41 orc warriors
  3 ice beasts
  A phantom (D:12)
  An eye of draining (shapeshifter) (Vaults:4)
  A lindwurm zombie (Crypt:1)
  2 necrophages
  60 ogres
  4 boggarts
  65 wolves
  A blink frog skeleton (Crypt:1)
  12 centaurs
  2 human skeletons
  13 crocodiles
  An elf zombie (Crypt:3)
  5 big kobolds
  23 bullfrogs
  A draconian zombie (Crypt:2)
  13 gnoll sergeants
  7 earth elementals
  A wyvern zombie (D:6)
  A draconian skeleton (Crypt:2)
  2 scorpions
  A troll zombie (Crypt:1)
  A wyvern skeleton (D:12)
  20 killer bees
  3 wights (D:10)
  6 howler monkeys
  19 jellies
  5 electric eels
  3 bullfrog zombies
  6 crimson imps
  2 quasits (D:8)
  4 hounds
  A wolf skeleton (Crypt:3)
  3 human simulacra
  12 orc priests
  A centaur skeleton (D:5)
  A basilisk zombie (Lair:3)
  6 gnoll shamans (Bailey)
  2 centaur zombies
  Terence (D:3)
  Jessica (D:2)
  5 bullfrog skeletons
  6 iguanas
  Ijyb (D:3)
  Natasha (thrice) (D:3)
  25 orc wizards
  13 worker ants
  A killer bee zombie (D:4)
  A crocodile zombie (Lair:3)
  An ogre zombie (Crypt:3)
  A tengu zombie (Crypt:1)
  A deep dwarf skeleton (Crypt:3)
  An ogre skeleton (Crypt:1)
  2 hound zombies
  2 mummies
  A worker ant zombie (D:5)
  24 gnolls
  7 adders
  5 shadow imps
  A white imp (Depths:3)
  2 oozes
  A worm zombie (Crypt:1)
  2 adder skeletons
  An adder zombie (D:5)
  8 worms
  8 leopard geckos
  99 orcs
  6 ball pythons
  12 giant cockroaches
  8 goblins
  10 hobgoblins
  10 jackals
  11 kobolds
  6 quokkas
  A ball python zombie (Crypt:3)
  8 bats
  2 frilled lizards
  A frilled lizard skeleton (Crypt:1)
  10 gnoll skeletons (Ossuary)
  A jackal skeleton (D:7)
  2 kobold skeletons (Ossuary)
  A leopard gecko skeleton (Crypt:2)
  13 orc skeletons (Ossuary)
  A quokka zombie (Crypt:2)
  7 rats
  3 plants (Lair:1)
  2 tentacles (Shoals:4)
2416 creatures vanquished.

Vanquished Creatures (others)
  A merfolk aquamancer (Shoals:4)
  A deep elf knight (Vaults:1)
  2 deep elf magi
  A centaur zombie (D:15)
  A demonic crawler (Spider:4)
  A polar bear (IceCv)
  2 orcs
  A bush (Shoals:3)
  12 fungi
  36 plants
  13 tentacles
71 creatures vanquished.

Grand Total: 2487 creatures vanquished

Notes
Turn   | Place    | Note
-------+----------+-------------------------------------------
     0 | D:1      | Gorice the Demonspawn Wanderer began the quest for the Orb.
     0 | D:1      | Gorice set off with: a +2 spear, 2 scrolls of teleportation {!r}, a +0 robe, a +0 dagger, a ration
     0 | D:1      | Reached XP level 1. HP: 16/16 MP: 1/1
    23 | D:1      | Reached skill level 2 in Polearms
    92 | D:1      | Gained mutation: You are immune to rotting. [demonic ancestry]
    92 | D:1      | Reached XP level 2. HP: 18/22 MP: 2/2
   506 | D:2      | Found a glowing golden altar of the Shining One.
   506 | D:2      | Found a radiant altar of Vehumet.
   506 | D:2      | Found a stormy altar of Qazlal.
   506 | D:2      | Found a burning altar of Makhleb.
   506 | D:2      | Found a sparkling altar of Nemelex Xobeh.
   728 | D:2      | Noticed Jessica
   733 | D:2      | Killed Jessica
   733 | D:2      | Reached skill level 3 in Polearms
   733 | D:2      | Reached XP level 3. HP: 22/27 MP: 3/3
   738 | D:2      | Reached skill level 1 in Armour
   797 | D:2      | Noticed an ogre
   816 | D:2      | Killed an ogre
   816 | D:2      | Reached skill level 4 in Polearms
   816 | D:2      | Gained mutation: You may emit foul miasma when damaged in melee. [demonic ancestry]
   816 | D:2      | Reached XP level 4. HP: 26/33 MP: 4/4
   825 | D:2      | Gained mutation: You have a pair of small horns on your head. [demonic ancestry]
   825 | D:2      | Reached XP level 5. HP: 28/38 MP: 5/5
   894 | D:2      | Reached skill level 2 in Armour
  1443 | D:3      | Noticed Ijyb
  1471 | D:3      | Killed Ijyb
  1528 | D:3      | Noticed Natasha
  1548 | D:3      | Killed Natasha
  1729 | D:3      | Noticed Natasha
  1739 | D:3      | Killed Natasha
  1773 | D:3      | Noticed Natasha
  1788 | D:3      | Killed Natasha
  1788 | D:3      | Reached skill level 5 in Polearms
  1801 | D:3      | Gained mutation: You are slightly more attuned to the shadows. [demonic ancestry]
  1801 | D:3      | Reached XP level 6. HP: 24/44 MP: 6/6
  1860 | D:3      | Noticed Terence
  1876 | D:3      | Killed Terence
  2222 | D:3      | Reached skill level 3 in Armour
  2892 | D:4      | Reached skill level 6 in Polearms
  2892 | D:4      | Gained mutation: You have a somewhat thin skeletal structure. (Dex +2, Stealth) [demonic ancestry]
  2892 | D:4      | Reached XP level 7. HP: 50/50 MP: 7/7
  2940 | D:4      | HP: 12/50 [gnoll/flail (11)]
  3179 | D:4      | Upgraded the game from 0.22-a0-455-ga0624bf to 0.22-a0-456-g11ed031
  3632 | D:4      | Reached skill level 4 in Armour
  3821 | D:4      | Reached skill level 7 in Polearms
  3857 | D:4      | Found a staircase to the Ecumenical Temple.
  3884 | Temple   | Entered the Ecumenical Temple
  4191 | Temple   | Became a worshipper of Warmaster Okawaru
  4334 | D:5      | Entered Level 5 of the Dungeon
  4427 | D:5      | Gained mutation: You have a pair of horns on your head. [demonic ancestry]
  4427 | D:5      | Reached XP level 8. HP: 31/56 MP: 8/8
  4831 | D:5      | Reached skill level 5 in Armour
  4871 | D:5      | Reached * piety under Okawaru
  4871 | D:5      | Reached skill level 8 in Polearms
  5322 | D:6      | Found a sand-covered staircase.
  5335 | Ossuary  | Entered an ossuary
  5786 | D:6      | Reached skill level 9 in Polearms
  5791 | D:6      | HP: 16/56 [orc wizard/dagger (3)]
  6039 | D:6      | Gained mutation: You have a moderately thin skeletal structure. (Dex +4, Stealth+) [demonic ancestry]
  6039 | D:6      | Reached XP level 9. HP: 26/61 MP: 9/9
  6104 | D:6      | Reached skill level 6 in Armour
  6407 | D:6      | Found a deep blue altar of Sif Muna.
  6584 | D:6      | Reached ** piety under Okawaru
  6955 | D:7      | Found a flagged portal.
  7005 | D:7      | HP: 17/61 [orc warrior/halberd (2)]
  7010 | D:7      | HP: 18/61 [orc warrior/halberd (8)]
  7018 | D:7      | HP: 7/61 [orc warrior/halberd (12)]
  7216 | Bailey   | Entered a bailey
  7396 | Bailey   | Reached skill level 10 in Polearms
  7735 | Bailey   | Reached skill level 7 in Armour
  7809 | Bailey   | Reached skill level 1 in Invocations
  7843 | Bailey   | Reached skill level 2 in Invocations
  8210 | D:7      | Reached *** piety under Okawaru
  8247 | D:7      | Noticed Menkaure
  8259 | D:7      | Killed Menkaure
  8653 | D:7      | Reached skill level 3 in Invocations
  8653 | D:7      | Reached XP level 10. HP: 49/67 MP: 12/12
  8777 | D:7      | Found a shimmering altar of Xom.
  9418 | D:8      | Found a shattered altar of Ashenzari.
  9485 | D:8      | Reached skill level 11 in Polearms
  9695 | D:8      | Reached skill level 4 in Invocations
  9894 | D:8      | Noticed KristoblXynda's ghost (novice OpCj)
  9903 | D:8      | Killed KristoblXynda's ghost
  9903 | D:8      | Reached **** piety under Okawaru
 10078 | D:8      | Found a bloodstained altar of Trog.
 10144 | D:8      | Found a glowing silver altar of Zin.
 10395 | D:9      | Reached skill level 5 in Invocations
 10403 | D:9      | Reached skill level 8 in Armour
 10468 | D:9      | Reached ***** piety under Okawaru
 10491 | D:9      | Noticed a two-headed ogre
 10499 | D:9      | Killed a two-headed ogre
 10499 | D:9      | Reached skill level 12 in Polearms
 10499 | D:9      | Reached skill level 6 in Invocations
 11071 | D:9      | Reached XP level 11. HP: 38/72 MP: 15/15
 11353 | D:10     | Entered Level 10 of the Dungeon
 11358 | D:10     | Noticed a two-headed ogre
 11367 | D:10     | Killed a two-headed ogre
 11388 | D:10     | Found Fant's Demolitions Depot.
 11531 | D:10     | Reached skill level 7 in Invocations
 11534 | D:10     | Noticed a two-headed ogre
 11542 | D:10     | Killed a two-headed ogre
 11542 | D:10     | Reached ****** piety under Okawaru
 11542 | D:10     | Received a gift from Okawaru
 11583 | D:10     | Reached skill level 9 in Armour
 11599 | D:10     | Noticed a two-headed ogre
 11606 | D:10     | HP: 15/72 [killer bee (7)]
 11618 | D:10     | Noticed Maurice
 11634 | D:10     | Killed Maurice
 11908 | D:10     | Found a staircase to the Lair.
 11920 | D:10     | Killed a two-headed ogre
 11920 | D:10     | Reached skill level 8 in Invocations
 12125 | D:10     | Found a shattered altar of Ashenzari.
 12141 | D:10     | Killed an unseen horror
 12141 | D:10     | Reached skill level 13 in Polearms
 12297 | D:10     | Found a staircase to the Orcish Mines.
 12354 | D:10     | Reached skill level 3 in Fighting
 12661 | Lair:1   | Entered Level 1 of the Lair of Beasts
 12887 | Lair:1   | Noticed a spriggan rider
 12922 | D:10     | HP: 20/76 [wolf (7)]
 12924 | D:10     | Reached XP level 12. HP: 19/83 MP: 18/18
 13254 | D:10     | Received a gift from Okawaru
 13254 | D:10     | Reached skill level 4 in Fighting
 13255 | D:10     | Got an ivory halberd {god gift}
 13433 | D:10     | Identified the +9 halberd of the Trees {venom, rC+ rN+ Dex-5 Stlth+} (Okawaru gifted it to you on level 10 of the Dungeon)
 13458 | D:10     | HP: 18/83 [wolf (8)]
 13766 | Lair:1   | Noticed Nergalle
 13895 | Lair:1   | Killed Nergalle
 13993 | Lair:1   | Reached skill level 10 in Armour
 14397 | Lair:1   | Noticed opiumtea's ghost (novice SpEn)
 14416 | Lair:1   | Killed opiumtea's ghost
 14416 | Lair:1   | Reached skill level 5 in Fighting
 14416 | Lair:1   | Reached skill level 14 in Polearms
 14664 | Lair:2   | Noticed a five-headed hydra
 14679 | Lair:2   | Killed a five-headed hydra
 14684 | Lair:2   | Received a gift from Okawaru
 14691 | Lair:2   | Identified a +1 pair of boots of running (Okawaru gifted it to you on level 2 of the Lair of Beasts)
 14691 | Lair:2   | --sweet!
 14940 | Lair:2   | Found a staircase to the Shoals.
 15226 | Lair:2   | Noticed a six-headed hydra
 15260 | Lair:2   | Reached skill level 6 in Fighting
 15270 | Lair:2   | Killed a six-headed hydra
 15456 | Lair:2   | Noticed a seven-headed hydra
 15462 | Lair:2   | Killed a seven-headed hydra
 15702 | Lair:2   | Noticed Gastronok
 15703 | Lair:2   | Noticed a catoblepas
 15730 | Lair:2   | Killed a catoblepas
 15738 | Lair:2   | Killed Gastronok
 15738 | Lair:2   | Gained mutation: You are significantly more attuned to the shadows. [demonic ancestry]
 15738 | Lair:2   | Reached XP level 13. HP: 95/95 MP: 15/19
 15870 | Lair:2   | Found a hole to the Spider Nest.
 15903 | Lair:3   | Noticed Prince Ribbit
 16231 | Lair:3   | Reached skill level 15 in Polearms
 16234 | Lair:3   | Found a frozen archway.
 16243 | IceCv    | Entered an ice cave
 16266 | IceCv    | Reached skill level 7 in Fighting
 16279 | IceCv    | Received a gift from Okawaru
 16552 | IceCv    | --manual of polearms - actually useful!
 16565 | IceCv    | Reached skill level 11 in Armour
 17299 | IceCv    | Noticed a frost giant
 17321 | IceCv    | Killed a frost giant
 17321 | IceCv    | Reached skill level 16 in Polearms
 17444 | IceCv    | Got an ancient plate armour
 17451 | IceCv    | Got a scintillating silver ring
 17543 | IceCv    | Identified the ring of Erhus {Ice +Fly Str+3} (You found it in an ice cave)
 17615 | Lair:3   | Reached skill level 8 in Fighting
 18047 | Lair:3   | Killed Prince Ribbit
 18364 | Lair:3   | Found a runed door.
 18522 | Lair:1   | Identified the +3 plate armour of the Monk {rElec Str+5} (You found it in an ice cave)
 18668 | Lair:4   | Received a gift from Okawaru
 18693 | Lair:4   | Reached skill level 17 in Polearms
 18693 | Lair:4   | Gained mutation: You frequently emit foul miasma when damaged in melee. [demonic ancestry]
 18693 | Lair:4   | Reached XP level 14. HP: 42/106 MP: 20/20
 19494 | Lair:4   | Received a gift from Okawaru
 19880 | Lair:4   | Identified a scroll of acquirement
 19881 | Lair:4   | Got a faintly glowing zirconium amulet
 20004 | Orc:1    | Entered Level 1 of the Orcish Mines
 20030 | Orc:1    | Noticed Fannar
 20037 | Orc:1    | Noticed a stone giant
 20043 | Orc:1    | Killed Fannar
 20051 | Orc:1    | Killed a stone giant
 20051 | Orc:1    | Reached skill level 9 in Fighting
 20483 | Orc:2    | Entered Level 2 of the Orcish Mines
 20750 | Orc:2    | Received a gift from Okawaru
 20750 | Orc:2    | Reached skill level 12 in Armour
 20753 | Orc:2    | Got a fine glaive {god gift}
 20754 | Orc:2    | Identified the +2 glaive of the Elven Halls {elec, Fragile MR+++ Str-2 SInv} (Okawaru gifted it to you on level 2 of the Orcish Mines)
 20776 | Orc:2    | Found a staircase to the Elven Halls.
 21057 | Orc:2    | Reached skill level 18 in Polearms
 21083 | Orc:2    | HP: 31/108 [ogre/giant spiked club (20)]
 21090 | Orc:2    | Received a gift from Okawaru
 21107 | Orc:2    | Got a pair of crude gloves {god gift}
 21118 | Orc:2    | Identified the +0 pair of gloves "Raifa" {rF+ Regen+ Str+2} (Okawaru gifted it to you on level 2 of the Orcish Mines)
 21259 | Orc:2    | Found Ditoig's Antique Armour Shoppe.
 21259 | Orc:2    | Found Geigicsa's Weapon Boutique.
 21260 | Orc:2    | Found Masul's Jewellery Shop.
 21260 | Orc:2    | Found Nifamuqusy's Jewellery Shoppe.
 21275 | Orc:2    | Reached skill level 10 in Fighting
 21285 | Orc:2    | Bought a pair of pitted boots for 351 gold pieces
 21296 | Orc:2    | Identified the +0 pair of boots of Tartarus {rElec rPois Str-3} (You bought it in a shop on level 2 of the Orcish Mines)
 21309 | Orc:2    | Bought a cursed ring of loudness for 58 gold pieces
 22982 | D:12     | Reached XP level 15. HP: 116/116 MP: 21/21
 23789 | D:13     | Noticed Erolcha
 23799 | D:13     | Killed Erolcha
 23948 | D:13     | Received a gift from Okawaru
 24526 | D:14     | Reached skill level 19 in Polearms
 24891 | D:14     | Reached skill level 13 in Armour
 24923 | D:14     | Found a gate to the Vaults.
 25230 | D:15     | Entered Level 15 of the Dungeon
 25269 | D:15     | Noticed Agnes
 25272 | D:15     | Noticed Sonja
 25276 | D:15     | HP: 32/117 [Agnes/lajatang of electrocution (18)]
 25277 | D:15     | HP: 14/117 [Agnes/lajatang of electrocution (9)]
 25431 | D:15     | Reached skill level 11 in Fighting
 25654 | D:15     | Killed Sonja
 25879 | D:15     | Noticed Azrael
 25886 | D:15     | Killed Azrael
 26143 | D:15     | Killed Agnes
 26143 | D:15     | Received a gift from Okawaru
 26620 | D:15     | Received a gift from Okawaru
 26715 | D:15     | Found a staircase to the Depths.
 26982 | Lair:1   | Identified the amulet of the Bouncing Lies {Spirit Stlth+} (You acquired it on level 4 of the Lair of Beasts)
 27717 | Lair:6   | Entered Level 6 of the Lair of Beasts
 27791 | Lair:6   | Found a staircase to the Slime Pits.
 27854 | Lair:6   | Reached skill level 12 in Fighting
 27945 | Lair:6   | Received a gift from Okawaru
 27946 | Lair:6   | Got a smelly ring mail {god gift}
 27953 | Lair:6   | Reached XP level 16. HP: 107/127 MP: 22/22
 28695 | Lair:6   | Reached skill level 14 in Armour
 29010 | Lair:6   | Found a runed door.
 29555 | Lair:6   | HP: 35/129 [acid (18)]
 29797 | Lair:1   | Noticed Joseph
 29800 | Lair:1   | Killed Joseph
 29877 | Lair:1   | Identified Jeajereu's Incunabulum of the Mutagenic Birds
 30229 | Shoals:1 | Entered Level 1 of the Shoals
 30543 | Shoals:1 | Upgraded the game from 0.22-a0-456-g11ed031 to 0.22-a0-458-gb446440
 30916 | Shoals:1 | Received a gift from Okawaru
 30960 | Shoals:1 | Reached skill level 1 in Evocations
 31258 | Shoals:2 | Got a pair of spiked gloves
 31265 | Shoals:2 | Identified the cursed +0 pair of gloves of the Meadowlark {rElec rPois} (You found it on level 2 of the Shoals)
 31524 | Shoals:2 | Reached skill level 2 in Evocations
 31609 | Shoals:2 | Noticed a kraken
 32081 | Shoals:3 | Reached skill level 13 in Fighting
 32159 | Shoals:3 | HP: 30/130 [water elemental (12)]
 32165 | Shoals:3 | HP: 24/130 [drowned by a water elemental (4)]
 32167 | Shoals:3 | HP: 11/130 [water elemental (14)]
 32172 | Shoals:3 | HP: 28/195 [drowned by a water elemental (8)]
 32181 | Shoals:3 | HP: 25/195 [manticore/volley of spikes (1)]
 32615 | Shoals:3 | Reached skill level 20 in Polearms
 32615 | Shoals:3 | Reached skill level 3 in Evocations
 32733 | Shoals:3 | Received a gift from Okawaru
 32870 | Shoals:3 | Noticed Ilsuiw
 32909 | Shoals:3 | Killed Ilsuiw
 33543 | Shoals:4 | Entered Level 4 of the Shoals
 33548 | Shoals:4 | HP: 28/131 [merfolk aquamancer/shard of ice (38)]
 33730 | Shoals:4 | Reached skill level 4 in Evocations
 33887 | Shoals:4 | HP: 39/131 [poisoned by a sea snake]
 33892 | Shoals:4 | HP: 39/131 [poisoned by a sea snake]
 33897 | Shoals:4 | HP: 39/131 [poisoned by a sea snake]
 34249 | Shoals:4 | Gained mutation: You have a pair of large horns on your head. [demonic ancestry]
 34249 | Shoals:4 | Reached XP level 17. HP: 124/137 MP: 21/23
 34405 | Shoals:4 | Upgraded the game from 0.22-a0-458-gb446440 to 0.22-a0-460-g49b1da7
 34449 | Shoals:4 | Received a gift from Okawaru
 34454 | Shoals:4 | Reached skill level 5 in Evocations
 34646 | Shoals:4 | Reached skill level 15 in Armour
 34659 | Shoals:4 | HP: 17/138 [merfolk aquamancer/torrent of water (28)]
 35018 | Shoals:4 | Noticed a kraken
 35217 | Shoals:4 | Killed a kraken
 35217 | Shoals:4 | Reached skill level 6 in Evocations
 35228 | Shoals:4 | Got a barnacled rune of Zot
 35449 | Shoals:4 | Reached skill level 14 in Fighting
 35858 | Shoals:4 | Noticed a kraken
 35874 | Shoals:4 | Killed a kraken
 36303 | Shoals:4 | Reached skill level 7 in Evocations
 36626 | Spider:1 | Entered Level 1 of the Spider Nest
 37137 | Spider:1 | Received a gift from Okawaru
 37712 | Spider:1 | HP: 42/140 [demonic crawler (1)]
 37718 | Spider:1 | HP: 23/140 [demonic crawler (1)]
 37723 | Spider:1 | HP: 17/140 [demonic crawler (2)]
 37728 | Spider:1 | HP: 19/140 [wolf spider (6)]
 38374 | Spider:2 | Reached skill level 8 in Evocations
 39883 | Spider:2 | HP: 39/140 [demonic crawler (6)]
 39890 | Spider:2 | HP: 26/140 [demonic crawler (8)]
 40279 | Spider:2 | Reached XP level 18. HP: 116/148 MP: 24/24
 40756 | Spider:3 | Reached skill level 15 in Fighting
 40802 | Spider:3 | Reached skill level 16 in Armour
 41181 | Spider:3 | Reached skill level 9 in Evocations
 41239 | Spider:3 | Received a gift from Okawaru
 41430 | Spider:3 | Reached skill level 2 in Throwing
 41851 | Spider:4 | Entered Level 4 of the Spider Nest
 42303 | Spider:4 | Reached skill level 3 in Throwing
 42922 | Spider:4 | Reached skill level 4 in Throwing
 42929 | Spider:4 | Reached skill level 10 in Evocations
 43715 | Spider:4 | Got a gossamer rune of Zot
 43892 | Lair:1   | Identified the +3 ring mail of Grace {rF+++ MR- Regen+ Stlth-} (Okawaru gifted it to you on level 6 of the Lair of Beasts)
 44027 | Vaults:1 | Entered Level 1 of the Vaults
 44039 | Vaults:1 | Received a gift from Okawaru
 44048 | Vaults:1 | Reached skill level 5 in Throwing
 44056 | Vaults:1 | Got a pair of heavily runed boots {god gift}
 44075 | D:14     | Identified the +0 pair of boots "Leocleih" {rPois rN+ Str+2 Int+4} (Okawaru gifted it to you on level 1 of the Vaults)
 44263 | Vaults:1 | HP: 42/151 [deep elf mage/bolt of lightning[an ironheart preserver] (43)]
 44266 | Vaults:1 | HP: 17/151 [acid[an ironheart preserver] (12)]
 44280 | Vaults:1 | HP: 26/151 [deep elf sorcerer/long sword[an ironheart preserver] (1)]
 44782 | Vaults:1 | Reached skill level 16 in Fighting
 44817 | Vaults:1 | HP: 34/151 [orc warrior/halberd[an orc knight] (14)]
 44817 | Vaults:1 | HP: 10/151 [vault warden/great mace of venom (24)]
 44818 | Vaults:1 | Reached skill level 6 in Throwing
 44828 | Vaults:1 | HP: 26/151 [yaktaur/bolt (12)]
 44985 | Vaults:1 | Reached skill level 11 in Evocations
 45178 | Vaults:1 | Reached skill level 2 in Dodging
 45198 | Vaults:1 | Gained mutation: Your flesh is cold resistant. (rC+) [demonic ancestry]
 45198 | Vaults:1 | Reached XP level 19. HP: 148/157 MP: 27/27
 45338 | Vaults:1 | HP: 47/157 [very large slime creature (37)]
 45351 | Vaults:1 | HP: 34/157 [slime creature (7)]
 45757 | Vaults:1 | Reached skill level 3 in Dodging
 46254 | Vaults:1 | Reached skill level 7 in Throwing
 46751 | Vaults:2 | Reached skill level 4 in Dodging
 46852 | Vaults:1 | Received a gift from Okawaru
 47405 | Vaults:2 | Reached skill level 12 in Evocations
 47428 | Vaults:2 | Reached skill level 5 in Dodging
 47685 | Vaults:2 | Reached skill level 8 in Throwing
 48457 | Vaults:2 | Reached skill level 6 in Dodging
 48483 | Vaults:2 | Found a staircase to the Crypt.
 49272 | Vaults:3 | Reached skill level 9 in Throwing
 49370 | Vaults:3 | Reached skill level 7 in Dodging
 49644 | Vaults:3 | Received a gift from Okawaru
 49708 | Vaults:3 | Received a gift from Okawaru
 49974 | Vaults:3 | Received a gift from Okawaru
 50025 | Vaults:3 | Reached skill level 8 in Dodging
 50025 | Vaults:3 | Reached XP level 20. HP: 122/164 MP: 29/29
 50074 | Vaults:3 | Reached skill level 10 in Throwing
 50158 | Vaults:3 | Received a gift from Okawaru
 50165 | Vaults:3 | Got a blackened scale mail {god gift}
 50235 | Vaults:3 | Found Entitauv's Assorted Antiques.
 50557 | Vaults:3 | Reached skill level 9 in Dodging
 51138 | Vaults:3 | Identified the +0 scale mail of Tuko Fys {+Blink Dex+2} (Okawaru gifted it to you on level 3 of the Vaults)
 52061 | Vaults:4 | HP: 45/167 [deep troll[an ironheart preserver] (7)]
 52251 | Vaults:4 | Identified the +8 plate armour "Mechosu" {rN+ MR- Int+4 Dex+2} (You found it on level 4 of the Vaults)
 52389 | Vaults:4 | Reached skill level 10 in Dodging
 52406 | Vaults:4 | Received a gift from Okawaru
 52422 | Vaults:4 | Reached skill level 17 in Fighting
 53453 | Crypt:1  | Entered Level 1 of the Crypt
 53524 | Crypt:1  | Noticed Mennas
 53548 | Vaults:2 | HP: 43/168 [Mennas/sacred scourge of holy wrath (9)]
 53796 | Elf:1    | Entered Level 1 of the Elven Halls
 53946 | Elf:1    | Found Ublitsol's Antique Armour Shoppe.
 54145 | Elf:1    | HP: 38/169 [deep elf mage/bolt of lightning (22)]
 54684 | Elf:1    | Got a scorched jade ring
 54751 | Elf:1    | Got a pair of twisted boots
 54759 | Elf:1    | Identified the cursed +0 pair of boots "Qobapten" {MR+ Str+3} (You found it on level 1 of the Elven Halls)
 54760 | Elf:1    | Identified the ring of Puicohu {MR+ Slay+5} (You took it off a deep elf archer on level 1 of the Elven Halls)
 55312 | Elf:1    | Received a gift from Okawaru
 55369 | Elf:1    | Reached XP level 21. HP: 176/176 MP: 30/30
 55644 | Elf:2    | Reached skill level 18 in Fighting
 56000 | Elf:2    | Found a huge runed gate.
 56000 | Elf:2    | Found a huge runed gate.
 56000 | Elf:2    | Found a huge runed gate.
 56007 | Elf:2    | Found a huge runed gate.
 56008 | Elf:2    | Found a huge runed gate.
 56587 | Elf:2    | Received a gift from Okawaru
 57011 | Elf:3    | Entered Level 3 of the Elven Halls
 57014 | Elf:3    | Received a gift from Okawaru
 57015 | Elf:3    | Got an ancient lajatang {god gift}
 57039 | Elf:3    | Reached skill level 21 in Polearms
 57189 | Elf:3    | Identified the +9 lajatang "Qucah" {elec, rPois rF+ rC+ rN+} (Okawaru gifted it to you on level 3 of the Elven Halls)
 57228 | Elf:3    | Found Imynoera's General Store.
 57829 | Elf:3    | Reached skill level 19 in Fighting
 58105 | Elf:3    | Received a gift from Okawaru
 58940 | Elf:3    | Found the +9 staff of Wucad Mu {channel}
 58940 | Elf:3    | Found the +10 large shield of Ignorance {rN+ Int-4}
 59044 | Elf:3    | Received a gift from Okawaru
 59045 | Elf:3    | Got a faintly glowing plate armour {god gift}
 59100 | Elf:3    | Identified the +1 plate armour of Okawaru's Hope {rF++} (Okawaru gifted it to you on level 3 of the Elven Halls)
 59101 | Elf:3    | Identified the amulet "Hyemmum" {Acrobat Int+7} (You found it on level 3 of the Elven Halls)
 59710 | Elf:3    | Identified Hialof's Guide on Poison and Battle Magic
 60262 | Crypt:1  | Gained mutation: You are completely attuned to the shadows. [demonic ancestry]
 60262 | Crypt:1  | Reached XP level 22. HP: 107/188 MP: 31/31
 60991 | Crypt:1  | Found the warped robe
 61346 | Crypt:2  | Found a magical portal.
 61363 | WizLab   | Entered Iskenderun's Mystic Tower
 61748 | WizLab   | Upgraded the game from 0.22-a0-460-g49b1da7 to 0.22-a0-467-g5c5de1c
 61950 | WizLab   | Reached skill level 20 in Fighting
 61967 | WizLab   | Identified Iskenderun's Catalogue of Combat Magic
 61967 | WizLab   | Identified Iskenderun's Grimoire of Arcane Weapons
 62787 | WizLab   | Received a gift from Okawaru
 62787 | WizLab   | Reached skill level 22 in Polearms
 63330 | Crypt:2  | Received a gift from Okawaru
 63342 | Crypt:2  | HP: 48/190 [jiangshi (15)]
 63345 | Crypt:2  | Got a steaming glaive {god gift}
 63346 | Crypt:2  | HP: 22/190 [jiangshi (16)]
 63812 | Crypt:3  | Entered Level 3 of the Crypt
 63850 | Crypt:2  | HP: 38/190 [reaper/vampiric scythe (26)]
 64070 | Crypt:3  | HP: 34/190 [??? (45)]
 64474 | Crypt:3  | Noticed Jorgrun
 64481 | Crypt:3  | Killed Jorgrun
 64541 | Crypt:3  | Noticed Frederick
 64557 | Crypt:3  | Killed Frederick
 64557 | Crypt:3  | Received a gift from Okawaru
 64563 | Crypt:3  | Identified the +9 glaive "Dissaq" {chop, +Inv rElec Str-4} (Okawaru gifted it to you on level 2 of the Crypt)
 64617 | Crypt:3  | Found a staircase to the Tomb.
 65019 | Crypt:3  | Reached skill level 17 in Armour
 65094 | Crypt:3  | Received a gift from Okawaru
 65301 | Crypt:3  | Gained mutation: You have an unnaturally thin skeletal structure. (Dex +6, Stealth++) [demonic ancestry]
 65301 | Crypt:3  | Reached XP level 23. HP: 167/196 MP: 32/32
 65328 | Crypt:3  | HP: 27/196 [??? (37)]
 65704 | Crypt:3  | HP: 35/196 [??? (48)]
 65706 | Crypt:3  | HP: 16/196 [??? (20)]
 65713 | Crypt:3  | Received a gift from Okawaru
 65715 | Crypt:3  | HP: 20/196 [spectral harpy (8)]
 66160 | Crypt:3  | Found a basalt altar of Yredelemnul.
 66301 | Crypt:3  | Got a vibrating bronze amulet
 66302 | Crypt:3  | Identified the amulet of Rationality {Gourm rElec} (You found it on level 3 of the Crypt)
 66456 | Crypt:3  | Got a fine sapphire amulet
 66456 | Crypt:3  | Got a faintly glowing copper ring
 66469 | Crypt:3  | Identified the amulet "Gueq" {Regen+ Str+2 Dex+4 SInv} (You found it on level 3 of the Crypt)
 66470 | Crypt:3  | Identified the ring of the Final Wishes {rElec rN+} (You found it on level 3 of the Crypt)
 66472 | Crypt:3  | Identified the cursed +1 scale mail of Osmexoa {Regen+ Dex+4} (You found it on level 3 of the Crypt)
 67003 | Depths:1 | Entered Level 1 of the Depths
 67092 | Depths:1 | Received a gift from Okawaru
 67206 | Depths:1 | Reached skill level 23 in Polearms
 67236 | Depths:1 | Found a gateway to Hell.
 67383 | Depths:1 | Identified the cursed +0 pair of gloves "Synuf" {*Corrode rElec Dex+8 SInv} (You found it on level 1 of the Depths)
 67450 | Depths:1 | Found a gateway to a ziggurat.
 67823 | Depths:2 | Found a one-way gate to the infinite horrors of the Abyss.
 67848 | Depths:2 | Reached skill level 18 in Armour
 68128 | Depths:2 | Received a gift from Okawaru
 68554 | Depths:2 | Noticed Sojobo
 69261 | Depths:2 | Killed Sojobo
 69604 | Depths:2 | Gained mutation: You are immune to freezing clouds. [demonic ancestry]
 69604 | Depths:2 | Reached XP level 24. HP: 188/204 MP: 32/32
 69847 | Depths:2 | Reached skill level 19 in Armour
 70186 | Depths:3 | Found Viri's Food Shop.
 70189 | Depths:3 | Found Meth's Assorted Antiques.
 70189 | Depths:3 | Found Zokkacog's Jewellery Shop.
 70249 | Depths:3 | Found Gobluq's Assorted Antiques.
 70280 | Depths:3 | Reached skill level 24 in Polearms
 70290 | Depths:3 | Bought an uncursed ring of resist corrosion for 440 gold pieces
 70296 | Depths:3 | Bought 2 potions of cancellation for 592 gold pieces
 70296 | Depths:3 | Bought 2 potions of heal wounds for 370 gold pieces
 70378 | Depths:3 | Received a gift from Okawaru
 70496 | Depths:3 | Noticed Jory
 70512 | Depths:3 | Killed Jory
 70639 | Depths:3 | Found a one-way gate leading to the halls of Pandemonium.
 70687 | Depths:3 | HP: 61/204 [black mamba (9)]
 70694 | Depths:3 | HP: 59/204 [poisoned by a nagaraja (splash of poison)]
 70959 | Depths:3 | Noticed a juggernaut
 70960 | Depths:3 | Upgraded the game from 0.22-a0-467-g5c5de1c to 0.22-a0-469-gf26638a
 70982 | Depths:3 | Killed a juggernaut
 71065 | Depths:3 | Noticed a juggernaut
 71077 | Depths:3 | Killed a juggernaut
 71759 | Depths:3 | Found a gateway to a bazaar.
 71923 | Bazaar   | Entered a bazaar
 71924 | Bazaar   | Found Jemifriq's Gadget Shop.
 71930 | Bazaar   | Found Veseuklu's Magic Scroll Shop.
 71951 | Bazaar   | Found Erphaacw's Armour Boutique.
 71958 | Bazaar   | Found Uludorag's Magic Scroll Shop.
 71964 | Bazaar   | Bought a scroll of blinking for 82 gold pieces
 71972 | Bazaar   | Found Hidust's Magic Scroll Boutique.
 71978 | Bazaar   | Bought a scroll of identify for 18 gold pieces
 71978 | Bazaar   | Bought a scroll of identify for 18 gold pieces
 71978 | Bazaar   | Bought a scroll of acquirement for 468 gold pieces
 71978 | Bazaar   | Bought a scroll of enchant armour for 67 gold pieces
 71978 | Bazaar   | Bought a scroll of identify for 18 gold pieces
 71991 | Bazaar   | Bought a scroll of enchant armour for 82 gold pieces
 72512 | Depths:4 | Reached skill level 20 in Armour
 72579 | Depths:4 | Received a gift from Okawaru
 72580 | Depths:4 | Got a fine robe {god gift}
 72584 | Depths:4 | HP: 51/204 [deep elf high priest/divine providence (13)]
 72586 | Depths:4 | HP: 21/204 [storm dragon/bolt of lightning (17)]
 72591 | Depths:3 | HP: 26/204 [spriggan defender/flail of protection (1)]
 72925 | Depths:4 | Found Norezuprupn's Distillery.
 72929 | Depths:4 | Found Kokee's Assorted Antiques.
 72930 | Depths:4 | Bought 2 potions of heal wounds for 220 gold pieces
 72938 | Depths:4 | Bought 2 potions of haste for 440 gold pieces
 73137 | Depths:4 | Paralysed by a floating eye for 2 turns
 73163 | Depths:4 | Found a runed door.
 73410 | Depths:4 | Reached XP level 25. HP: 193/210 MP: 32/32
 74067 | Depths:5 | Entered Level 5 of the Depths
 74203 | Depths:5 | Noticed a juggernaut
 74212 | Depths:5 | Killed a juggernaut
 74212 | Depths:5 | Reached skill level 25 in Polearms
 74762 | Depths:5 | Received a gift from Okawaru
 74897 | Depths:5 | Found a shattered altar of Ashenzari.
 75387 | Depths:5 | Reached skill level 21 in Armour
 75539 | Depths:5 | Found a runed door.
 75547 | Depths:5 | Found a runed door.
 75627 | Depths:5 | Found a runed door.
 75643 | Depths:5 | Found a runed door.
 75643 | Depths:5 | Found a runed door.
 75679 | Depths:5 | Found a runed door.
 75758 | Depths:5 | Received a gift from Okawaru
 75848 | Depths:5 | Found a gate to the Realm of Zot.
 76556 | Vaults:5 | Entered Level 5 of the Vaults
 76790 | Vaults:4 | Received a gift from Okawaru
 77086 | Vaults:5 | Noticed an ancient lich
 77125 | Vaults:5 | HP: 19/210 [ancient lich/crystal spear (49)]
 77128 | Vaults:5 | HP: 7/210 [ancient lich (4)]
 77132 | Vaults:5 | Killed from afar by an ancient lich

Vault maps used:
D:1:      tarquinn_simple_flora_water_b
D:2:      grunt_temple_overflow_open, first_ration, kennysheep_jessica_study
D:3:      uniq_terence, uniq_natasha, uniq_ijyb
D:4:      minmay_temple_entry_nine_rooms
D:6:      chequers_ossuary_entry_cave, tgw_sif
D:7:      xom_teletrap_fun, enter_bailey_3, the_bakery, uniq_menkaure
D:8:      lightli_temple_of_fire, zin_scriptorium, ashenzari_conservatory_becter
D:10:     erik_lair_orcish_takeover, kennysheep_orc_monster_closet_entryway,
          basic_altar, kennysheep_doodads, nicolae_blasting_shop, uniq_maurice
D:11:     cheibrodos_helix_gallery
D:13:     palyth_stone_intersect, uniq_erolcha
D:14:     david_vaults_1, serial_bayou_pond_a
D:15:     gammafunk_enter_depths_forms, roderic_roman_lattice,
          serial_bayou_pond_c, uniq_azrael, uniq_agnes, uniq_sonja
Temple:   oiseaux_autumnal_temple
Lair:1:   minmay_lair_oklob_tunnel, grunt_forest_large_clearings, uniq_joseph,
          uniq_nergalle
Lair:2:   kb_forest_paths, minmay_shoals_entry_beasts, dummy_spider_entry,
          grunt_forest_large_clearing_hut, uniq_gastronok
Lair:3:   pond_and_an_island_with_a_cottage, portal_ice_cave_demonic_guard,
          pf_torpor_hydra, uniq_prince_ribbit2
Lair:4:   dpeg_oklob_gauntlet, minivault_23, st_stairs_6
Lair:5:   minivault_19
Lair:6:   guppyfry_lair_end_dragon, wormcave, minmay_slime_entry_jelly_boxes,
          minivault_19, grunt_megastairs_1, serial_bayou_shore_b,
          minmay_lair_oklob_chamber
Shoals:2: kb_tengu_band
Shoals:3: argonaut_golden_fleece, nicolae_shoals_loop_pool, uniq_ilsuiw
Shoals:4: shoals_end_hangedman, shoal_ilsuiw
Spider:1: spider_trap, hive_lemuel
Spider:2: spider_trap
Spider:3: spider_trap
Spider:4: guppyfry_spider_rune
Orc:1:    uniq_fannar
Orc:2:    st_orc_ogre_mass
Elf:1:    eino_elf_arrival_the_gate, serial_shops, nicolae_shop_crystal,
          evilmike_minifort, minmay_the_grid_square_5x5_3x3_mashed
Elf:3:    elf_hall_gauntlet_wide, serial_shops, shop, kilobyte_rumbling_trees
Vaults:1: hangedman_vaults_maws, v_misc_16, grunt_vaults_swirl,
          vaults_room_boxed, vaults_dpeg_cross, nicolae_vaults_little_squares_5,
          vaults_room_fancy_cross, nicolae_vaults_three_branches,
          vaults_dpeg_diagonal, dpeg_vaults_monster_row,
          ontoclasm_vaults_gateway
Vaults:2: hangedman_vaults_impose, hangedman_vaults_stagger,
          vaults_mumra_hexcomb, ontoclasm_vaults_ring_small,
          minmay_crypt_entry_simple_statues, v_misc_23,
          vaults_room_stairs_pillars, ontoclasm_vaults_chip,
          nicolae_vaults_little_squares_6, vaults_room_pool,
          hangedman_vaults_stretched_pinwheel, nicolae_vaults_asterisk,
          vaults_dpeg_ring, ontoclasm_vaults_decontamination
Vaults:3: nicolae_vaults_halls_meeting, nicolae_vaults_network_periphery,
          nicolae_vaults_network_barrier, v_misc_1, v_misc_15, v_rooms_4,
          v_misc_24, nicolae_vaults_alarming, v_alt_pattern_4,
          nicolae_vaults_network_s, serial_shops,
          nicolae_shop_overgrown_old_shop
Vaults:4: ontoclasm_vaults_eye, hangedman_vaults_corner_blocks,
          hangedman_vaults_corner_blocks, nicolae_vaults_specimen_jars,
          v_misc_29, v_misc_27, grunt_vaults_twisty, ontoclasm_vaults_twist,
          vaults_mumra_hex, vaults_room_fours, grunt_vaults_diagonal
Crypt:1:  grunt_megastairs_2, uniq_mennas
Crypt:2:  mu_enter_wizlab_2
Crypt:3:  church_of_pain_bobbens, tomb_entry_sphere_bobbens,
          small_statue_intersection, uniq_frederick, uniq_jorgrun
Depths:1: enter_ziggurat_b, minmay_misc_feat_doors, hell_entry,
          grunt_ministairs_10, kennysheep_generic_room_3
Depths:2: minmay_tearing_corner, grunt_hell_entry_dis_grunt,
          minmay_misc_feat_nine_boxes, abyss_entry, serial_sigils,
          serial_sigils_hangedman_snap, serial_sigils_hangedman_carve,
          serial_sigils_hangedman_leer, serial_sigils_hangedman_scratch,
          serial_sigils_hangedman_confine, uniq_sojobo
Depths:3: cross_vault, hell_entry, abyss_entry, rand_demon_pan_entry_5,
          serial_shops, bzr_in_the_mist, serial_bayou_pond_b,
          minmay_serpent_palace, minmay_shoptagon, infiniplex_staircase_pool_1,
          uniq_jory
Depths:4: minmay_expanding_squares, corexii_hall_statues_i,
          marbit_kobold_abyss_entry, hellmouth_1, minmay_hidden_floor,
          minmay_shop_star, firewood_loft, serial_bayou_shore_a,
          infiniplex_staircase_pool_2
Depths:5: evilmike_zot_entry_castle, hangedman_coc_ice_floe,
          nicolae_ashenzari_panopticon, abyss_entry
Bazaar:   bazaar_kb_twisted_cavern
Ossuary:  ossuary_due_mausoleum
Bailey:   bailey_polearm_gnolls_kennysheep, bailey
IceCv:    ice_cave_caverns_03
WizLab:   wizlab_iskenderun

Skill      XL: |  1  2  3  4  5  6  7  8  9 10 11 12 13 14 15 16 17 18 19 20 21 22 23 24 25 |
---------------+----------------------------------------------------------------------------+-----
Polearms       | 2 3 4 5 6 7 9 10 12 13 14 17 18 19 20 21 22 23 24 25 | 25.7
Armour         | 1 2 3 4 5 7 8 9 10 11 12 13 14 15 16 17 18 20 21 | 21.6
Invocations    | 3 6 8 |  8.1
Fighting       | 3 6 8 10 12 13 14 16 17 19 20 | 20.0
Evocations     | 4 8 11 12 | 12.0
Throwing       | 6 9 10 | 10.0
Dodging        | 2 8 10 | 10.0
Stealth        | |  3.6

Action                   |  1- 3 |  4- 6 |  7- 9 | 10-12 | 13-15 | 16-18 | 19-21 | 22-24 | 25-27 || total
-------------------------+-------+-------+-------+-------+-------+-------+-------+-------+-------++-------
Melee: Spear             |    78 |   231 |   565 |       |       |       |       |       |       ||   874
       Headbutt          |       |    39 |   120 |   107 |   191 |   291 |   323 |   409 |   146 ||  1626
       Halberd           |       |       |   211 |   689 |   431 |       |       |       |       ||  1331
       Glaive            |       |       |       |    24 |   793 |  1734 |  1748 |   457 |       ||  4756
       Trident           |       |       |       |    16 |     6 |       |       |       |       ||    22
       Bardiche          |       |       |       |       |       |       |    14 |  1251 |   485 ||  1750
Throw: Javelin           |       |     6 |    21 |    36 |    23 |    30 |    10 |    16 |     4 ||   146
       Throwing net      |       |       |       |       |     1 |       |       |       |       ||     1
Invok: Heroism           |       |       |     5 |    11 |     6 |     9 |     9 |    21 |     4 ||    65
       Finesse           |       |       |       |     2 |     3 |     4 |       |     2 |       ||    11
 Abil: Evoke Flight      |       |       |       |       |       |     9 |     2 |     1 |     4 ||    16
Evoke: Wand              |       |       |     5 |       |     9 |    36 |     3 |     2 |       ||    55
  Use: Scroll            |     2 |     6 |     5 |     6 |    15 |     9 |    11 |    12 |     3 ||    69
       Potion            |       |       |     2 |       |     2 |     7 |     1 |     2 |     1 ||    15
 Stab: Sleeping          |     3 |       |       |       |       |       |       |       |       ||     3
       Petrified         |       |       |       |     6 |       |       |       |       |       ||     6
       Invisible         |       |       |       |       |     6 |       |       |       |       ||     6
       Paralysed         |       |       |       |       |     2 |       |       |       |       ||     2
       Distracted        |       |       |       |       |       |     1 |     2 |     3 |     1 ||     7
  Eat: Chunk             |       |     7 |    18 |    24 |    40 |    49 |    43 |    26 |    12 ||   219
       Ration            |       |       |       |       |       |     2 |     1 |     5 |       ||     8
Armor: Robe              |     2 |       |       |       |       |       |       |       |       ||     2
       Chain mail        |    21 |    92 |   164 |       |       |       |       |       |       ||   277
       Plate armour      |       |       |   141 |       |       |       |       |       |       ||   141
       Crystal plate arm |       |       |    56 |   741 |   714 |  1561 |   834 |   938 |   283 ||  5127
Dodge: Dodged            |    19 |    51 |   145 |   119 |   143 |   343 |   340 |   537 |   182 ||  1879

Table legend:
 A = Spawn XP
 B = Non-spawn XP
 C = Spawn XP percentage of total XP
 D = Spawn monster count
 E = Non-spawn monster count
 F = Spawn count percentage of total count
 G = Total turns spent on level
                    A         B        C        D         E        F      G
               +---------+---------+-------+---------+---------+-------+---------
         Total |       0 | 1291257 |   0.0 |       0 |    2414 |   0.0 | 77132
               +---------+---------+-------+---------+---------+-------+---------
           D:1 |       0 |      24 |   0.0 |       0 |      15 |   0.0 |   506
           D:2 |       0 |     218 |   0.0 |       0 |      26 |   0.0 |  1083
           D:3 |       0 |     343 |   0.0 |       0 |      33 |   0.0 |   978
           D:4 |       0 |     695 |   0.0 |       0 |      28 |   0.0 |  1432
           D:5 |       0 |     905 |   0.0 |       0 |      27 |   0.0 |   866
           D:6 |       0 |     704 |   0.0 |       0 |      22 |   0.0 |  1315
           D:7 |       0 |    1504 |   0.0 |       0 |      30 |   0.0 |  1449
           D:8 |       0 |    1963 |   0.0 |       0 |      36 |   0.0 |  1093
           D:9 |       0 |    3236 |   0.0 |       0 |      26 |   0.0 |  1145
          D:10 |       0 |   13241 |   0.0 |       0 |      99 |   0.0 |  3063
          D:11 |       0 |    5614 |   0.0 |       0 |      29 |   0.0 |  1161
          D:12 |       0 |    6040 |   0.0 |       0 |      27 |   0.0 |  1462
          D:13 |       0 |    5163 |   0.0 |       0 |      24 |   0.0 |   593
          D:14 |       0 |    6964 |   0.0 |       0 |      39 |   0.0 |  1019
          D:15 |       0 |   24670 |   0.0 |       0 |      53 |   0.0 |  1796
        Lair:1 |       0 |    6766 |   0.0 |       0 |      20 |   0.0 |  2016
        Lair:2 |       0 |   12661 |   0.0 |       0 |      30 |   0.0 |  1663
        Lair:3 |       0 |    7471 |   0.0 |       0 |      32 |   0.0 |  1129
        Lair:4 |       0 |   10320 |   0.0 |       0 |      29 |   0.0 |  1389
        Lair:5 |       0 |    4865 |   0.0 |       0 |      18 |   0.0 |   628
        Lair:6 |       0 |   21930 |   0.0 |       0 |      84 |   0.0 |  1860
      Shoals:1 |       0 |   11256 |   0.0 |       0 |      23 |   0.0 |   937
      Shoals:2 |       0 |    4682 |   0.0 |       0 |       9 |   0.0 |   895
      Shoals:3 |       0 |   19607 |   0.0 |       0 |      35 |   0.0 |  2080
      Shoals:4 |       0 |   45192 |   0.0 |       0 |      73 |   0.0 |  2119
      Spider:1 |       0 |   19496 |   0.0 |       0 |      52 |   0.0 |  1887
      Spider:2 |       0 |   15153 |   0.0 |       0 |      36 |   0.0 |  1971
      Spider:3 |       0 |   18993 |   0.0 |       0 |      60 |   0.0 |  1671
      Spider:4 |       0 |   33277 |   0.0 |       0 |      57 |   0.0 |  1590
         Orc:1 |       0 |    3419 |   0.0 |       0 |      12 |   0.0 |   662
         Orc:2 |       0 |   23654 |   0.0 |       0 |      68 |   0.0 |  1601
         Elf:1 |       0 |   37628 |   0.0 |       0 |      65 |   0.0 |  1514
         Elf:2 |       0 |   47140 |   0.0 |       0 |      68 |   0.0 |  1397
         Elf:3 |       0 |   70313 |   0.0 |       0 |      91 |   0.0 |  2604
      Vaults:1 |       0 |   61782 |   0.0 |       0 |     103 |   0.0 |  3234
      Vaults:2 |       0 |   32392 |   0.0 |       0 |      51 |   0.0 |  2283
      Vaults:3 |       0 |   69753 |   0.0 |       0 |     103 |   0.0 |  2598
      Vaults:4 |       0 |   68563 |   0.0 |       0 |      98 |   0.0 |  1862
      Vaults:5 |       0 |    2653 |   0.0 |       0 |       2 |   0.0 |   110
       Crypt:1 |       0 |   19986 |   0.0 |       0 |      27 |   0.0 |  1364
       Crypt:2 |       0 |   34418 |   0.0 |       0 |      41 |   0.0 |  1296
       Crypt:3 |       0 |   81506 |   0.0 |       0 |     109 |   0.0 |  2247
      Depths:1 |       0 |   36522 |   0.0 |       0 |      52 |   0.0 |   997
      Depths:2 |       0 |  105012 |   0.0 |       0 |      85 |   0.0 |  2092
      Depths:3 |       0 |   90314 |   0.0 |       0 |     103 |   0.0 |  2469
      Depths:4 |       0 |   76692 |   0.0 |       0 |      68 |   0.0 |  1740
      Depths:5 |       0 |   82071 |   0.0 |       0 |      57 |   0.0 |  1709
       Ossuary |       0 |     249 |   0.0 |       0 |      27 |   0.0 |   359
        Bailey |       0 |    1217 |   0.0 |       0 |      30 |   0.0 |   953
         IceCv |       0 |   11734 |   0.0 |       0 |      46 |   0.0 |  1304
        WizLab |       0 |   31286 |   0.0 |       0 |      36 |   0.0 |  1530
               +---------+---------+-------+---------+---------+-------+---------

Table legend:
 A = Turns spent in this place as a percentage of turns spent in the entire game.
 B = Non-inter-level travel turns spent in this place as a percentage of non-inter-level travel turns spent in the entire game.
 C = Inter-level travel turns spent in this place as a percentage of turns spent in this place.
 D = Turns resting spent in this place as a percentage of non-inter-level travel turns spent in this place.
 E = Turns spent auto-exploring this place as a percentage of non-inter-level travel turns spent in this place.
 F = Non-inter-level travel turns spent in this place divided by the number of levels of this place that you've seen.
                   A       B       C       D       E      F
               +-------+-------+-------+-------+-------+----------------------
         Total | 100.0 | 100.0 |   8.6 |  24.9 |  38.1 | 1330.2
       Dungeon |  24.6 |  23.8 |  11.4 |  19.7 |  48.8 | 1119.7
        Temple |   0.4 |   0.4 |  18.8 |   0.0 |  98.5 | 272.0
          Lair |  11.3 |  10.6 |  13.6 |  22.7 |  41.6 | 1250.5
        Shoals |   7.8 |   8.2 |   3.8 |  31.2 |  29.9 | 1450.2
   Spider Nest |   9.2 |   9.6 |   4.5 |  37.7 |  33.8 | 1699.8
  Orcish Mines |   2.9 |   2.8 |  11.4 |  32.0 |  36.8 | 1002.5
   Elven Halls |   7.2 |   6.9 |  11.7 |  16.1 |  31.4 | 1623.7
        Vaults |  13.1 |  12.5 |  12.5 |  25.2 |  32.0 | 1764.6
         Crypt |   6.4 |   6.7 |   4.1 |  29.6 |  37.9 | 1568.0
        Depths |  11.7 |  12.4 |   3.3 |  15.9 |  44.3 | 1741.6
        Bazaar |   0.1 |   0.1 |   0.0 |   0.0 |   1.3 |  76.0
       Ossuary |   0.5 |   0.5 |   0.0 |  21.2 |   0.0 | 359.0
        Bailey |   1.2 |   1.4 |   0.0 |  34.1 |  18.3 | 953.0
      Ice Cave |   1.7 |   1.8 |   0.0 |  41.4 |  11.3 | 1304.0
        Wizlab |   2.0 |   2.2 |   0.0 |  52.9 |  14.8 | 1530.0
               +-------+-------+-------+-------+-------+----------------------

Vault maps used:
D:1:      tarquinn_simple_flora_water_b
D:2:      grunt_temple_overflow_open, first_ration, kennysheep_jessica_study
D:3:      uniq_terence, uniq_natasha, uniq_ijyb
D:4:      minmay_temple_entry_nine_rooms
D:6:      chequers_ossuary_entry_cave, tgw_sif
D:7:      xom_teletrap_fun, enter_bailey_3, the_bakery, uniq_menkaure
D:8:      lightli_temple_of_fire, zin_scriptorium, ashenzari_conservatory_becter
D:10:     erik_lair_orcish_takeover, kennysheep_orc_monster_closet_entryway,
          basic_altar, kennysheep_doodads, nicolae_blasting_shop, uniq_maurice
D:11:     cheibrodos_helix_gallery
D:13:     palyth_stone_intersect, uniq_erolcha
D:14:     david_vaults_1, serial_bayou_pond_a
D:15:     gammafunk_enter_depths_forms, roderic_roman_lattice,
          serial_bayou_pond_c, uniq_azrael, uniq_agnes, uniq_sonja
Temple:   oiseaux_autumnal_temple
Lair:1:   minmay_lair_oklob_tunnel, grunt_forest_large_clearings, uniq_joseph,
          uniq_nergalle
Lair:2:   kb_forest_paths, minmay_shoals_entry_beasts, dummy_spider_entry,
          grunt_forest_large_clearing_hut, uniq_gastronok
Lair:3:   pond_and_an_island_with_a_cottage, portal_ice_cave_demonic_guard,
          pf_torpor_hydra, uniq_prince_ribbit2
Lair:4:   dpeg_oklob_gauntlet, minivault_23, st_stairs_6
Lair:5:   minivault_19
Lair:6:   guppyfry_lair_end_dragon, wormcave, minmay_slime_entry_jelly_boxes,
          minivault_19, grunt_megastairs_1, serial_bayou_shore_b,
          minmay_lair_oklob_chamber
Shoals:2: kb_tengu_band
Shoals:3: argonaut_golden_fleece, nicolae_shoals_loop_pool, uniq_ilsuiw
Shoals:4: shoals_end_hangedman, shoal_ilsuiw
Spider:1: spider_trap, hive_lemuel
Spider:2: spider_trap
Spider:3: spider_trap
Spider:4: guppyfry_spider_rune
Orc:1:    uniq_fannar
Orc:2:    st_orc_ogre_mass
Elf:1:    eino_elf_arrival_the_gate, serial_shops, nicolae_shop_crystal,
          evilmike_minifort, minmay_the_grid_square_5x5_3x3_mashed
Elf:3:    elf_hall_gauntlet_wide, serial_shops, shop, kilobyte_rumbling_trees
Vaults:1: hangedman_vaults_maws, v_misc_16, grunt_vaults_swirl,
          vaults_room_boxed, vaults_dpeg_cross, nicolae_vaults_little_squares_5,
          vaults_room_fancy_cross, nicolae_vaults_three_branches,
          vaults_dpeg_diagonal, dpeg_vaults_monster_row,
          ontoclasm_vaults_gateway
Vaults:2: hangedman_vaults_impose, hangedman_vaults_stagger,
          vaults_mumra_hexcomb, ontoclasm_vaults_ring_small,
          minmay_crypt_entry_simple_statues, v_misc_23,
          vaults_room_stairs_pillars, ontoclasm_vaults_chip,
          nicolae_vaults_little_squares_6, vaults_room_pool,
          hangedman_vaults_stretched_pinwheel, nicolae_vaults_asterisk,
          vaults_dpeg_ring, ontoclasm_vaults_decontamination
Vaults:3: nicolae_vaults_halls_meeting, nicolae_vaults_network_periphery,
          nicolae_vaults_network_barrier, v_misc_1, v_misc_15, v_rooms_4,
          v_misc_24, nicolae_vaults_alarming, v_alt_pattern_4,
          nicolae_vaults_network_s, serial_shops,
          nicolae_shop_overgrown_old_shop
Vaults:4: ontoclasm_vaults_eye, hangedman_vaults_corner_blocks,
          hangedman_vaults_corner_blocks, nicolae_vaults_specimen_jars,
          v_misc_29, v_misc_27, grunt_vaults_twisty, ontoclasm_vaults_twist,
          vaults_mumra_hex, vaults_room_fours, grunt_vaults_diagonal
Crypt:1:  grunt_megastairs_2, uniq_mennas
Crypt:2:  mu_enter_wizlab_2
Crypt:3:  church_of_pain_bobbens, tomb_entry_sphere_bobbens,
          small_statue_intersection, uniq_frederick, uniq_jorgrun
Depths:1: enter_ziggurat_b, minmay_misc_feat_doors, hell_entry,
          grunt_ministairs_10, kennysheep_generic_room_3
Depths:2: minmay_tearing_corner, grunt_hell_entry_dis_grunt,
          minmay_misc_feat_nine_boxes, abyss_entry, serial_sigils,
          serial_sigils_hangedman_snap, serial_sigils_hangedman_carve,
          serial_sigils_hangedman_leer, serial_sigils_hangedman_scratch,
          serial_sigils_hangedman_confine, uniq_sojobo
Depths:3: cross_vault, hell_entry, abyss_entry, rand_demon_pan_entry_5,
          serial_shops, bzr_in_the_mist, serial_bayou_pond_b,
          minmay_serpent_palace, minmay_shoptagon, infiniplex_staircase_pool_1,
          uniq_jory
Depths:4: minmay_expanding_squares, corexii_hall_statues_i,
          marbit_kobold_abyss_entry, hellmouth_1, minmay_hidden_floor,
          minmay_shop_star, firewood_loft, serial_bayou_shore_a,
          infiniplex_staircase_pool_2
Depths:5: evilmike_zot_entry_castle, hangedman_coc_ice_floe,
          nicolae_ashenzari_panopticon, abyss_entry
Bazaar:   bazaar_kb_twisted_cavern
Ossuary:  ossuary_due_mausoleum
Bailey:   bailey_polearm_gnolls_kennysheep, bailey
IceCv:    ice_cave_caverns_03
WizLab:   wizlab_iskenderun
